 Dungeon Crawl Stone Soup version 0.18-a0-1542-g9c1a92e (console) character file.

63 Liam the Conjurer (level 3, 0/19 HPs)
             Began as a Deep Elf Conjurer on Mar 10, 2016.
             Succumbed to Crazy Yiuf's poison
             ... on level 1 of the Dungeon.
             The game lasted 00:02:01 (1873 turns).

Liam the Conjurer (Deep Elf Conjurer)               Turns: 1873, Time: 00:02:01

Health: 0/19       AC:  2    Str:  5    XL:     3   Next: 87%
Magic:  11/11      EV: 13    Int: 20    God:
Gold:   166        SH:  0    Dex: 15    Spells: 1 memorised, 10 levels left

rFire  . . .     SeeInvis .     (no weapon)
rCold  . . .     Gourm    .     a - +0 robe
rNeg   . . .     Faith    .     (no shield)
rPois  .         Spirit   .     (no helmet)
rElec  .         Dismiss  .     (no cloak)
rCorr  .         Reflect  .     (no gloves)
SustAt .         Harm     .     (no boots)
MR     .....                    (no amulet)
Stlth  ++........               (no ring)
                                (no ring)

@: lethally poisoned (0 -> -15), not resistant to hostile enchantments,
unstealthy
A: no striking features
a: no special abilities


You were on level 1 of the Dungeon.
You were hungry.

You visited 1 branch of the dungeon, and saw 2 of its levels.

You collected 166 gold pieces.

Inventory:

Armour
 a - a +0 robe (worn)
Jewellery
 j - an uncursed ring of sustain attributes {unknown}
Scrolls
 d - 2 scrolls of fog {unknown}
 f - 7 scrolls of identify {unknown}
 i - a scroll of teleportation {unknown}
 k - 2 scrolls of immolation {unknown}
Potions
 e - 4 potions of heal wounds {unknown}
 g - a potion of degeneration {unknown}
 h - a potion of might {unknown}
 l - a potion of ambrosia {unknown}
Books
 b - a book of Conjurations

   Spells                             Type                      Level
   a - Magic Dart                     Conjuration                  1
   b - Searing Ray                    Conjuration                  2
   c - Dazzling Spray                 Conjuration/Hexes            3
   d - Fulminant Prism                Conjuration/Hexes            4
   e - Iskenderun's Mystic Blast      Conjuration                  4
   f - Iskenderun's Battlesphere      Conjuration/Charms           5
Comestibles
 c - 3 bread rations


   Skills:
 - Level 2.4 Dodging
 - Level 2.4 Stealth
 + Level 4.5 Spellcasting
 + Level 5.3 Conjurations


You had 10 spell levels left.
You knew the following spells:

 Your Spells              Type           Power        Failure   Level  Hunger
a - Magic Dart            Conj           ####         1%          1    None


Dungeon Overview and Level Annotations

Branches:
Dungeon (2/15)

Altars:

Annotations:
D:1 Crazy Yiuf


Message History

Crazy Yiuf cries, "Whippet!"
Crazy Yiuf waves his quarterstaff at you.
Crazy Yiuf cries, "You leg down broken song, no?"
Crazy Yiuf cries, "Walk!
Action mumblescurry Xom."
There is a stone staircase leading up here.
Crazy Yiuf closely misses you.
You climb upwards.
There is a stone staircase leading down here.
Unknown command.
Crazy Yiuf hits you with a quarterstaff of chaos!
Ouch! That really hurt!
You are lethally poisoned!
* * * LOW HITPOINT WARNING * * *
You feel sick. Crazy Yiuf barely misses you.
You see here a club.
* * * LOW HITPOINT WARNING * * *
You feel sick.
Crazy Yiuf glowers.
* * * LOW HITPOINT WARNING * * *
You feel sick.
You die...

.......################.##### #.
..#)....#......# #......####.
.#...#..#......# #..)...'....
.#..#..........# #......####.
#..#...........#######......# #.
#.#...#........##...........# ##
.#..##.........##.....(.....#
#.##...........##...........###
.#........).....@........รท....#
..######.##..................[#
.#...............g.....#......#
#.##......#######).....#......#
.#..##....# #........###......#
# #.#...#...#
#....>..(.........# #
#..#.....## #........##.#'#####
# .#..#....# #........##.#.#
.#...#..## #........##.#'#######


You could see Crazy Yiuf.

Vanquished Creatures
  A gnoll (D:1)
  2 dart slugs
  3 giant geckos
  3 giant cockroaches (D:1)
  5 hobgoblins
  4 jackals (D:1)
  7 kobolds
  A ball python (D:1)
  2 bats
  3 giant newts
  7 goblins
  5 rats
43 creatures vanquished.

Notes
Turn   | Place    | Note
--------------------------------------------------------------
     0 | D:1      | Liam the Deep Elf Conjurer began the quest for the Orb.
     0 | D:1      | Reached XP level 1. HP: 10/10 MP: 6/6
   288 | D:1      | Reached XP level 2. HP: 15/15 MP: 2/8
   466 | D:1      | Reached skill level 5 in Conjurations
   514 | D:1      | Reached XP level 3. HP: 19/19 MP: 2/10
  1831 | D:2      | Noticed Crazy Yiuf
  1873 | D:1      | Succumbed to Crazy Yiuf's poison

Vault maps used:
D:1:      minmay_arrival_radiant_lines
D:2:      corexii_item_surrounded_by_moat, kennysheep_generic_room_2,
          uniq_crazy_yiuf_cottage

Skill      XL: |  1  2  3 |
---------------+----------+-----
Conjurations   | 5 |  5.3
Spellcasting   | 4 |  4.5
Dodging        | |  2.4
Stealth        | |  2.4

Action                   || total
-------------------------++-------
Melee: Unarmed           ||     1
 Cast: Magic Dart        ||    85
  Eat: Chunk             ||     2
